 Dungeon Crawl Stone Soup version 0.28-a0-1190-g77e1c55843 (webtiles) character file.

Game seed: 16942440652925415885

19 ChaosChampion the Ruffian (level 2, 0/24 HPs)
             Began as a Draconian Transmuter on Dec 18, 2021.
             Slain by a crimson imp (1 damage)
             ... summoned by Natasha
             ... on level 2 of the Dungeon.
             The game lasted 00:00:46 (801 turns).

ChaosChampion the Ruffian (Draconian Transmuter)     Turns: 801, Time: 00:00:47

Health: 0/24       AC:  4    Str: 12    XL:     2   Next: 55%
Magic:  5/5        EV: 12    Int: 13    God:
Gold:   73         SH:  0    Dex: 11    Spells: 4/5 levels left

rFire   . . .      SeeInvis .     - Unarmed
rCold   . . .      Faith    .   (no shield)
rNeg    . . .      Spirit   .   (armour unavailable)
rPois   .          Reflect  .   (helmet restricted)
rElec   .          Harm     .   (no cloak)
rCorr   .          Rampage  .   (no gloves)
Will    .....                   (no boots)
Stlth   +.........              (no amulet)
HPRegen 0.08/turn               (no ring)
MPRegen 0.09/turn               (no ring)

@: slowed, very slow
A: AC +4, unfitting armour, cold-blooded
a: no special abilities


You were on level 2 of the Dungeon.
You visited 1 branch of the dungeon, and saw 2 of its levels.

You collected 73 gold pieces.

Inventory:

Jewellery
 d - a ring of magical power
 g - an amulet of regeneration
Wands
 c - a wand of acid (7)
Potions
 a - a potion of attraction {unknown}
 b - a potion of curing
 e - a potion of lignification {unknown}
 f - 2 potions of heal wounds {unknown}


   Skills:
 + Level 1.7 Fighting
 - Level 1.7 Dodging
 * Level 3.5 Unarmed Combat
 - Level 2.0 Spellcasting
 + Level 2.3 Transmutations


You had 4 spell levels left.
You knew the following spells:

 Your Spells              Type           Power      Damage    Failure   Level
a - Beastly Appendage     Tmut           14%        N/A       10%         1

Your spell library contained the following spells:

 Spells                   Type           Power      Damage    Failure   Level
 Wereblood                Tmut           7%         N/A       16%         2
 Spider Form              Tmut/Pois      4%         N/A       43%         3
 Ice Form                 Ice/Tmut       4%         N/A       85%         4


Dungeon Overview and Level Annotations

Branches:
Dungeon (2/15)

Altars:

Annotations:
D:2 Natasha


Innate Abilities, Weirdness & Mutations

Your plain brown scales are hard. (AC +4)
You cannot fit into any form of body armour.
You are cold-blooded and may be slowed by cold attacks.


Message History

You are no longer poisoned.
Natasha casts a spell at you.
You feel yourself slow down. The crimson imp misses you.
The adder bites you but does no damage.
You hit Natasha. Your kick misses Natasha.
You tail-slap Natasha, but do no damage.
Natasha is heavily wounded.
The adder barely misses you.
Natasha stares at you and mumbles some strange words.
You resist with significant effort.
The crimson imp blinks!
The crimson imp hits you but does no damage.
The adder barely misses you. Natasha claws you but does no damage.
You completely miss Natasha. Your kick misses Natasha.
Natasha is moderately wounded.
Your horns disappear.
Your talons disappear.
The adder bites you.
* * * LOW HITPOINT WARNING * * *
The crimson imp misses you. Natasha claws you.
* * * LOW HITPOINT WARNING * * *
The adder misses you.
You barely miss Natasha. You tail-slap Natasha. Your punch misses Natasha.
Natasha is severely wounded.
The crimson imp hits you but does no damage.
The adder bites you.
* * * LOW HITPOINT WARNING * * *
Natasha wildly gestures.
Natasha shimmers violently.
Natasha barely misses you.
The crimson imp blinks!
The adder closely misses you.
You barely miss Natasha.
Natasha is severely wounded.
Natasha closely misses you. The adder misses you.
Natasha hisses.
Natasha misses you.
The crimson imp summons a swarm of flies.
The adder bites you but does no damage.
You barely miss Natasha.
Natasha is severely wounded.
The adder barely misses you. Natasha misses you. The crimson imp hits you.
You die...

.. #.## #...
#... #..# #..#
.. #..###..#.
#.<5......
##@###..##
.......hS....#
###.......#..#
###..(.... ..
#.....#.#
.....<#.#
######## . #


You could see Natasha, a crimson imp (summoned) and an adder.

Vanquished Creatures
  2 bats (D:1)
  5 endoplasms
  2 hobgoblins (D:1)
  3 jackals (D:1)
  3 frilled lizards (D:1)
  A rat (D:1)
16 creatures vanquished.

Notes
Turn   | Place    | Note
-------+----------+-------------------------------------------
     0 | D:1      | ChaosChampion the Draconian Transmuter began the quest for
                  | the Orb.
     0 | D:1      | Reached XP level 1. HP: 16/16 MP: 3/3
    41 | D:1      | Reached XP level 2. HP: 22/23 MP: 5/5
    41 | D:1      | Found a faded altar of an unknown god.
   786 | D:2      | Noticed Natasha
   788 | D:2      | Noticed a crimson imp
   795 | D:2      | Noticed a crimson imp
   799 | D:2      | HP: 1/24 [adder (2)]
   801 | D:2      | Slain by a crimson imp

Illustrated notes

Levels and vault maps discovered:
D:1:      eino_arrival_druids_welcome, layout_loops_ring,
          hellmonk_ecumenical_altar_lost_god
D:2:      layout_loops_ring, minivault_5, uniq_natasha

Action                   || total
-------------------------++-------
Melee: Unarmed           ||    47
       Headbutt          ||     4
       Kick              ||     6
       Tailslap          ||     6
 Cast: Beastly Appendage ||    12
 Stab: Sleeping          ||     1
Armor: Skin              ||    23
Dodge: Dodged            ||    36

Table legend: (Time is in decaauts)
 A = Elapsed time spent in this place.
 B = Non-inter-level travel time spent in this place.
 C = Inter-level travel time spent in this place.
 D = Time resting spent in this place.
 E = Time spent auto-exploring this place.
 F = Levels seen in this place.
 G = Mean time per level.
                   A        B        C        D        E       F      G
               +--------+--------+--------+--------+--------+-----+--------+
         Total |    799 |    776 |     23 |      0 |    677 |   2 |  399.5 |
       Dungeon |    799 |    776 |     23 |      0 |    677 |   2 |  399.5 |
               +--------+--------+--------+--------+--------+-----+--------+

Top non-repeatable levels by time:
     D:1: 783 daAuts
     D:2: 15 daAuts
